[Event "Titled Tuesday Blitz June 13 Late 2023"]
[White "SicilianPanzer"]
[Black "Kokoszczynski, Jan"]
[BlackFideId "1174460"]
[WhiteElo "2238"]
[BlackElo "2139"]
[Result "0-1"]
[Round "2"]
[TimeControl "180+2"]
[Date "2023.06.13"]
[WhiteClock "0:00:00"]
[BlackClock "0:00:04"]
[Board "174"]

1. e4 e5 2. Nc3 Nf6 3. Nf3 Nc6 4. a3 d5 5. Bb5 dxe4 6. Nxe5 Qd6 7. d4 a6 8. Bf4 axb5 9. Nxb5 Qd8 10. Nxc6 bxc6 11. Nxc7+ Kd7 12. Nxa8 Qa5+ 13. Qd2 Qxa8 14. O-O Ba6 15. Rfe1 Be7 16. Be5 Re8 17. Qg5 Bc4 18. b3 Be6 19. Qxg7 Rg8 20. Qh6 Ng4 21. Qxh7 Nxe5 22. dxe5 Rg6 23. Rad1+ Kc7 24. Rxe4 c5 25. f3 Qxa3 26. h4 c4 27. h5 Qc5+ 28. Kf1 Rg5 29. Qh8 c3 30. Qa8 Qb5+ 31. Kf2 Bc5+ 32. Rdd4 Qb6 0-1


[Site "https://www.chess.com"]

[Event "Titled Tuesday Blitz June 13 Late 2023"]
[White "Baches Garcia, Guillermo"]
[Black "Martinez, Ayelen"]
[WhiteFideId "2209764"]
[BlackFideId "118702"]
[WhiteElo "2474"]
[BlackElo "2074"]
[Result "1-0"]
[Round "2"]
[TimeControl "180+2"]
[Date "2023.06.13"]
[WhiteClock "0:00:08"]
[BlackClock "0:00:00"]
[Board "175"]

1. e4 c5 2. Nf3 d6 3. d4 cxd4 4. Nxd4 Nf6 5. Nc3 a6 6. Be3 e5 7. Nb3 Be7 8. f3 O-O 9. Qd2 Be6 10. O-O-O Qc7 11. g4 Rc8 12. Kb1 d5 13. g5 d4 14. Nxd4 exd4 15. Bxd4 Nh5 16. Be3 Nc6 17. Nd5 Bxd5 18. exd5 Nb4 19. c3 Nxd5 20. Qxd5 Rd8 21. Qb3 Rdc8 22. Bh3 Rd8 23. Bg4 Rxd1+ 24. Rxd1 Qxh2 25. Bxh5 Qxh5 26. Qxb7 Qg6+ 27. Qe4 Qxe4+ 28. fxe4 Re8 29. Kc2 Bf8 30. Kd3 Rd8+ 31. Ke2 Re8 32. Kf3 g6 33. c4 h5 34. gxh6 Kh7 35. c5 Rb8 36. b3 g5 37. Rd7 Bxh6 38. Rxf7+ Kg6 39. Ra7 g4+ 40. Ke2 Bf8 41. Rxa6+ Kh5 42. c6 Rc8 43. Rb6 g3 44. a4 Bd6 45. a5 Rf8 46. a6 g2 47. a7 Bc7 48. Rb7 1-0


[Site "https://www.chess.com"]

[Event "Titled Tuesday Blitz June 13 Late 2023"]
[White "Quirke, Jeffrey"]
[Black "marik_spb"]
[WhiteFideId "2013029"]
[WhiteElo "2220"]
[BlackElo "2473"]
[Result "1-0"]
[Round "2"]
[TimeControl "180+2"]
[Date "2023.06.13"]
[WhiteClock "0:00:06"]
[BlackClock "0:00:12"]
[Board "176"]

1. e4 c6 2. d4 d5 3. exd5 cxd5 4. Nf3 Nf6 5. c3 Nc6 6. Be3 Bg4 7. Nbd2 e6 8. h3 Bh5 9. g4 Bg6 10. Nh4 Bd6 11. Nxg6 hxg6 12. Qf3 Rb8 13. O-O-O b5 14. Kb1 b4 15. c4 Ne7 16. Rc1 dxc4 17. Nxc4 Ned5 18. Ne5 Bxe5 19. dxe5 Nxe3 20. exf6 Nxf1 21. Rhxf1 gxf6 22. Rfd1 Qb6 23. Rc6 Qb5 24. Rdc1 O-O 25. Qxf6 b3 26. axb3 Qxb3 27. h4 Rb5 28. h5 Qd3+ 29. R6c2 Rfb8 30. hxg6 Rxb2+ 31. Qxb2 Rxb2+ 32. Kxb2 Qxg6 33. f3 Qf6+ 34. Rc3 a5 35. Kb3 Qf4 36. Rd1 Qb4+ 37. Kc2 a4 38. Ra1 Kg7 39. Rca3 Qc4+ 40. Kd2 Qf4+ 41. Ke2 Qh2+ 42. Ke3 Qe5+ 43. Kf2 Qb2+ 44. Kg3 Qe5+ 45. Kg2 Qe2+ 46. Kg3 e5 47. Rxa4 f6 48. Ra7+ Kg6 49. R7a4 Qd2 50. R1a2 Qe3 51. Kg2 Qe1 52. Kh2 Qh4+ 53. Kg2 Qe1 54. Kh2 Qc3 55. Kg2 Kg5 56. Kf2 Kh4 57. Kg2 Qe1 58. Rf2 Qc1 59. Re4 Qd1 60. Rfe2 Qc1 61. f4 Kxg4 62. fxe5+ Kf5 63. e6 Qg5+ 64. Kf2 Qg8 65. e7 Qe8 66. R4e3 Kg6 67. Rf3 Kf7 68. Rfe3 Kg6 69. Rd3 Kf7 70. Rd8 Qxe7 71. Rxe7+ Kxe7 72. Rd2 Ke6 73. Kf3 Kf5 74. Rd5+ Ke6 75. Ra5 f5 76. Kf4 Kd6 77. Rxf5 Kc6 78. Ke4 Kc7 79. Kd4 Kb6 80. Kc4 Kb7 81. Kb5 Ka7 82. Rf7+ Kb8 83. Kc6 Kc8 84. Rf8# 1-0


[Site "https://www.chess.com"]

[Event "Titled Tuesday Blitz June 13 Late 2023"]
[White "Zaitsev, Alexander"]
[Black "Chemin, Justo Reinaldo"]
[WhiteFideId "4164490"]
[BlackFideId "2101580"]
[WhiteElo "2373"]
[BlackElo "1940"]
[Result "1-0"]
[Round "2"]
[TimeControl "180+2"]
[Date "2023.06.13"]
[WhiteClock "0:00:47"]
[BlackClock "0:00:12"]
[Board "177"]

1. e4 e6 2. d4 d5 3. exd5 exd5 4. Nf3 Bd6 5. c4 dxc4 6. Bxc4 Nf6 7. O-O O-O 8. Nc3 c6 9. Bg5 Bf5 10. Ne5 Nbd7 11. Re1 Bg6 12. Nxg6 hxg6 13. Qd3 Qc7 14. Qxg6 b5 15. Bb3 a5 16. Bh6 Bxh2+ 17. Kh1 Nh5 18. Qxh5 gxh6 19. Qg6+ Kh8 20. Qxh6+ Kg8 21. Re4 1-0


[Site "https://www.chess.com"]

[Event "Titled Tuesday Blitz June 13 Late 2023"]
[White "rionelG"]
[Black "krucki03"]
[WhiteElo "2218"]
[BlackElo "2468"]
[Result "0-1"]
[Round "2"]
[TimeControl "180+2"]
[Date "2023.06.13"]
[WhiteClock "0:00:00"]
[BlackClock "0:00:28"]
[Board "178"]

1. e4 c5 2. g3 g6 3. Bg2 Bg7 4. Ne2 Nc6 5. c3 e6 6. d4 cxd4 7. cxd4 d5 8. exd5 exd5 9. Nbc3 Nge7 10. O-O O-O 11. Bg5 h6 12. Bxe7 Nxe7 13. Nf4 Nc6 14. Bxd5 Nxd4 15. Nxg6 Re8 16. Nf4 Qg5 17. Qh5 Qxh5 18. Nxh5 Be5 19. f4 Bh8 20. Ne4 Rxe4 21. Bxe4 Bg4 22. Rae1 Bxh5 23. Rf2 Re8 24. Bh7+ Kf8 25. Rxe8+ Kxe8 26. f5 Bf6 27. h3 Bf3 28. Rd2 Bc6 29. Kf2 Kf8 30. Ke3 Kg7 31. Rxd4 Bxd4+ 32. Kxd4 Kxh7 33. Ke5 Kg8 34. g4 Kg7 35. h4 f6+ 36. Kf4 Kf7 37. g5 hxg5+ 38. hxg5 fxg5+ 39. Kxg5 Bd5 40. a3 b5 41. Kf4 Kf6 42. Ke3 Ke5 43. f6 Bf7 44. Kd3 Kd5 45. Kc3 Kc5 46. Kd3 a5 47. Kc3 b4+ 48. axb4+ axb4+ 49. Kd3 Kb5 50. Kd4 Ka4 51. Kc5 Kb3 52. Kb5 Be8+ 53. Kc5 Ka4 54. Kc4 Bf7+ 55. Kc5 Ka5 56. Kd4 Kb5 57. Kd3 Kc5 58. Kd2 Kc4 59. Kc2 Bg6+ 60. Kc1 Kb3 61. Kd2 Kxb2 0-1


[Site "https://www.chess.com"]

[Event "Titled Tuesday Blitz June 13 Late 2023"]
[White "Jonkman, Harmen"]
[Black "Ferriz Barrios, Andres"]
[WhiteFideId "1002708"]
[BlackFideId "5104467"]
[WhiteElo "2368"]
[BlackElo "2216"]
[Result "1-0"]
[Round "2"]
[TimeControl "180+2"]
[Date "2023.06.13"]
[WhiteClock "0:00:28"]
[BlackClock "0:01:42"]
[Board "179"]

1. d4 d5 2. Nf3 Nf6 3. Bf4 c6 4. e3 e6 5. Nbd2 Bd6 6. Bg3 Qc7 7. c4 Nbd7 8. Rc1 O-O 9. Be2 Re8 10. O-O Nf8 11. a3 Ne4 12. Bxd6 Qxd6 13. Nxe4 dxe4 14. Nd2 f5 15. f3 exf3 16. Bxf3 e5 17. c5 Qe7 18. Nc4 e4 19. Be2 Be6 20. Nd6 Red8 21. Nxf5 Qc7 22. Bc4 Bxc4 23. Rxc4 Ne6 24. Qg4 Kh8 25. Nd6 Rxd6 26. cxd6 Qxd6 27. Rc2 Nc7 28. Qf4 Qe7 29. Qf7 Qxf7 30. Rxf7 Nd5 31. Rxb7 Nxe3 32. Re2 Nd5 33. Rxe4 h6 34. Re6 Rf8 35. h4 Rf4 36. h5 Rxd4 37. Re8+ Kh7 38. Rbb8 g5 39. Rb7+ 1-0


[Site "https://www.chess.com"]

[Event "Titled Tuesday Blitz June 13 Late 2023"]
[White "Cluke86"]
[Black "SergioMoralesG"]
[WhiteElo "2214"]
[BlackElo "2465"]
[Result "0-1"]
[Round "2"]
[TimeControl "180+2"]
[Date "2023.06.13"]
[WhiteClock "0:00:03"]
[BlackClock "0:00:10"]
[Board "180"]

1. e4 e5 2. Nf3 Nf6 3. Bc4 Nc6 4. O-O Nxe4 5. Nc3 Nxc3 6. dxc3 Be7 7. Re1 d6 8. Bb5 O-O 9. Be3 Be6 10. Qd2 f6 11. Rad1 Kh8 12. h3 Qe8 13. Nh2 Qg6 14. f4 Bxh3 15. Bd3 Bf5 16. Qf2 Rad8 17. Nf3 Bxd3 18. cxd3 a6 19. Nh4 Qh5 20. f5 g5 21. Nf3 d5 22. c4 d4 23. Bd2 Bd6 24. Nh2 Ne7 25. g4 Qf7 26. Nf1 h5 27. Qh2 Kg7 28. Ng3 Rh8 29. Nxh5+ Rxh5 30. gxh5 Rh8 31. Qg2 Qxh5 32. Kf2 Nxf5 33. Rh1 Nh4 34. Qxb7 Qf7 35. Rdg1 e4 36. Qxe4 Qg6 37. Qxd4 Qf5+ 38. Ke2 Qf3+ 39. Ke1 Re8+ 40. Be3 Rxe3+ 41. Kd2 Re2+ 42. Kc3 Be5 43. Rxh4 Bxd4+ 44. Rxd4 Qf2 45. Rd7+ Kg6 46. Rc1 Rxb2 47. Rxc7 Qd2+ 48. Kd4 Qxc1 49. Rd7 Qf4+ 50. Kc5 Qf2+ 51. d4 Rxa2 52. Rd6 Rd2 53. Kc6 Rxd4 54. c5 Rxd6+ 55. cxd6 Qc2+ 56. Kb7 g4 57. d7 Qb3+ 58. Kc7 Qd3 59. d8=Q Qxd8+ 60. Kxd8 g3 0-1


[Site "https://www.chess.com"]

[Event "Titled Tuesday Blitz June 13 Late 2023"]
[White "Novikova, Margarita"]
[Black "Erzhanov, Arman"]
[WhiteFideId "14109689"]
[BlackFideId "4138821"]
[WhiteElo "2013"]
[BlackElo "2138"]
[Result "0-1"]
[Round "2"]
[TimeControl "180+2"]
[Date "2023.06.13"]
[WhiteClock "0:00:07"]
[BlackClock "0:00:16"]
[Board "181"]

1. e4 d6 2. d4 Nf6 3. Nc3 e5 4. dxe5 dxe5 5. Qxd8+ Kxd8 6. Bg5 c6 7. O-O-O+ Ke8 8. f3 Be6 9. Kb1 Nbd7 10. Nge2 b5 11. Nc1 a5 12. N3e2 Bc5 13. Nd3 Bb6 14. h3 a4 15. a3 h6 16. Bd2 Bc7 17. Bb4 Nb6 18. Nc5 Bc8 19. Nc3 Nfd7 20. Ne2 Nxc5 21. Bxc5 Be6 22. Nc3 f6 23. Be2 Rd8 24. Rxd8+ Kxd8 25. Rd1+ Kc8 26. Na2 Nd7 27. Be3 Bb6 28. Bxb6 Nxb6 29. Nb4 Kc7 30. Na6+ Kc8 31. Nc5 Bf7 32. g3 Rd8 33. f4 Rxd1+ 34. Bxd1 Nd7 35. Bg4 Be8 36. Ne6 g5 37. fxe5 Nxe5 38. Bf5 Bd7 39. Ng7 Bxf5 40. Nxf5 h5 41. h4 gxh4 42. gxh4 Kd7 43. Kc1 Ke6 44. Kd2 Ng6 45. Kc3 Ke5 46. Kd3 Nf4+ 47. Ke3 Ne6 48. c3 Nc5 49. Ng7 Nxe4 50. Nxh5 Nd6 51. Kf3 Nc4 52. Nf4 Nxb2 53. h5 f5 54. h6 Kf6 55. Ne6 Nc4 56. Nd4 Nxa3 57. Nxc6 Nb1 58. c4 bxc4 59. Nb4 a3 60. Ke3 Kg6 61. Kf4 c3 62. Nc2 a2 63. h7 Kxh7 64. Kxf5 Nd2 65. Kf4 Nb3 66. Ke3 a1=Q 67. Nxa1 Nxa1 68. Kd3 c2 69. Kd2 Kg6 70. Kc1 Kf5 71. Kb2 Ke4 72. Kc1 Kd3 73. Kb2 Kd2 74. Ka2 Nb3 75. Kb2 c1=Q+ 76. Kxb3 0-1


[Site "https://www.chess.com"]

[Event "Titled Tuesday Blitz June 13 Late 2023"]
[White "Fuentes Godoy, Lilia Ivonne"]
[Black "Przybylski, Wojciech"]
[WhiteFideId "5104130"]
[BlackFideId "1117599"]
[WhiteElo "2024"]
[BlackElo "2228"]
[Result "0-1"]
[Round "2"]
[TimeControl "180+2"]
[Date "2023.06.13"]
[WhiteClock "0:00:03"]
[BlackClock "0:00:12"]
[Board "182"]

1. d4 Nf6 2. c4 e6 3. Nf3 b6 4. g3 Ba6 5. Qa4 Bb7 6. Bg2 c5 7. O-O Na6 8. a3 cxd4 9. Nxd4 Nc5 10. Qc2 Bxg2 11. Kxg2 d5 12. b4 dxc4 13. Bb2 Qd5+ 14. f3 Nb3 15. Nxb3 cxb3 16. Qd2 Rd8 17. Rd1 Be7 18. Qxd5 Nxd5 19. Kf2 a5 20. e4 Bf6 21. Bxf6 Nxf6 22. Nc3 Ke7 23. Rab1 Rxd1 24. Nxd1 a4 25. Nc3 b5 26. Nxb5 Rc8 27. Ke3 Nd7 28. Kd4 Rc2 29. Nc3 Nb6 30. Kd3 Rxh2 31. b5 Kd6 32. f4 Rc2 33. Nxa4 Nxa4 34. Rxb3 Rc8 35. Rb4 Nb6 36. Rb2 Ra8 37. e5+ Kc5 38. Rb3 Ra4 39. Rc3+ Kxb5 40. Rc7 Rxa3+ 41. Ke2 Rxg3 42. Rxf7 h5 43. Kf2 h4 44. Re7 Nd5 45. Rxe6 Nxf4 46. Re8 Kc6 47. Rh8 Nd3+ 48. Kf1 g5 49. Rh6+ Kd5 50. e6 Kd6 51. e7+ Kxe7 52. Rg6 Nf4 53. Rg7+ Kf6 0-1


[Site "https://www.chess.com"]

[Event "Titled Tuesday Blitz June 13 Late 2023"]
[White "Mazibuko, Khanya"]
[Black "Florianovitz, Derlei Alex"]
[WhiteFideId "14321041"]
[BlackFideId "2114178"]
[WhiteElo "1873"]
[BlackElo "1953"]
[Result "0-1"]
[Round "2"]
[TimeControl "180+2"]
[Date "2023.06.13"]
[WhiteClock "0:01:18"]
[BlackClock "0:00:42"]
[Board "183"]

1. e4 e6 2. d4 d5 3. Nd2 c5 4. exd5 Qxd5 5. Ngf3 cxd4 6. Bc4 Qd7 7. O-O Nc6 8. Nb3 a6 9. Nbxd4 Nxd4 10. Nxd4 Qc7 11. Bb3 Bd6 12. h3 Nf6 13. c3 Bd7 14. Bg5 O-O-O 15. Qe2 h6 16. Bxf6 gxf6 17. Rad1 Rhg8 18. Rd3 Bh2+ 19. Kh1 Be5 20. Rfd1 Bxd4 21. Rxd4 Bc6 22. f3 Rxd4 23. Rxd4 Qg3 24. Kg1 Qxh3 25. Rf4 Qg3 26. Rxf6 Rg7 27. Rxh6 Bxf3 28. Qf2 Qxg2+ 29. Qxg2 Rxg2+ 30. Kf1 Rxb2 31. Rf6 Bd5 32. c4 Be4 33. Rxf7 Bf5 34. c5 Rb1+ 35. Kf2 Rc1 36. Bxe6+ Bxe6 37. Re7 Bxa2 38. Re5 Kc7 39. Ke3 Re1+ 0-1


[Site "https://www.chess.com"]

[Event "Titled Tuesday Blitz June 13 Late 2023"]
[White "Bettalli, Francesco"]
[Black "Fernandez Hernandez, Gerardo"]
[WhiteFideId "2816453"]
[BlackFideId "2207400"]
[WhiteElo "2216"]
[BlackElo "2188"]
[Result "1-0"]
[Round "2"]
[TimeControl "180+2"]
[Date "2023.06.13"]
[WhiteClock "0:01:22"]
[BlackClock "0:00:03"]
[Board "184"]

1. d4 Nf6 2. Nc3 e6 3. Bg5 d5 4. e4 h6 5. Bxf6 Qxf6 6. exd5 Bb4 7. dxe6 Bxe6 8. Nf3 O-O 9. Bd3 Rd8 10. O-O Bg4 11. Be4 c6 12. a3 Bd6 13. h3 Be6 14. Ne2 Nd7 15. c3 Nb6 16. b3 Rd7 17. Qc2 Rc8 18. c4 Bb8 19. Rad1 Rcd8 20. Ng3 g6 21. Qe2 h5 22. Qe3 Bf4 23. Qc3 h4 24. Ne2 Bb8 25. a4 Nc8 26. a5 a6 27. Bb1 Kg7 28. Qe3 Nd6 29. Qg5 Qxg5 30. Nxg5 Nf5 31. Nxe6+ fxe6 32. Bxf5 exf5 33. Rd3 Ba7 34. Rfd1 Kf6 35. Nc3 g5 36. d5 c5 37. Re1 Bb8 38. Re6+ Kf7 39. Na4 Bc7 40. Nxc5 Re7 41. Rxe7+ Kxe7 42. Ne6 Rd7 43. Nxc7 Rxc7 44. d6+ 1-0


[Site "https://www.chess.com"]

[Event "Titled Tuesday Blitz June 13 Late 2023"]
[White "Sariego Figueredo, Wilfredo"]
[Black "Dudzinski, Pawel"]
[WhiteFideId "3500080"]
[BlackFideId "1117890"]
[WhiteElo "2309"]
[BlackElo "2099"]
[Result "0-1"]
[Round "2"]
[TimeControl "180+2"]
[Date "2023.06.13"]
[WhiteClock "0:01:58"]
[BlackClock "0:01:27"]
[Board "185"]

1. d4 d5 2. Bf4 c6 3. e3 Qb6 4. b3 Nf6 5. Nd2 g6 6. c4 Bg7 7. Ngf3 Nh5 8. Bg5 h6 9. Bh4 Bg4 10. h3 Bxf3 11. Nxf3 g5 12. Bg3 Nxg3 13. fxg3 Nd7 14. Bd3 e5 15. cxd5 cxd5 16. dxe5 Qxe3+ 17. Qe2 Qxe2+ 18. Kxe2 Nxe5 19. Nxe5 Bxe5 20. g4 Bxa1 21. Rxa1 Kd7 22. Rf1 Rhe8+ 23. Kd2 Re7 24. Rf6 Rh8 25. Rf5 Kd6 26. Rf6+ Ke5 27. Rf5+ Kd4 28. Rf6 Re3 29. Bf1 Rhe8 30. Rxf7 R8e7 31. Rf6 R3e6 32. Rf5 Re1 33. Rf6 Ra1 34. Bb5 Rxa2+ 35. Kd1 Rxg2 36. Rxh6 a6 37. Bf1 Rf2 38. Bxa6 bxa6 39. Rxa6 Ree2 40. Ra4+ Ke5 0-1


[Site "https://www.chess.com"]

[Event "Titled Tuesday Blitz June 13 Late 2023"]
[White "ArchibaldCerveza29"]
[Black "Djordjevic, Dejan N"]
[BlackFideId "913316"]
[WhiteElo "2454"]
[BlackElo "2261"]
[Result "0-1"]
[Round "2"]
[TimeControl "180+2"]
[Date "2023.06.13"]
[WhiteClock "0:00:02"]
[BlackClock "0:00:32"]
[Board "186"]

1. e4 c5 2. c3 d5 3. exd5 Qxd5 4. d4 Nc6 5. Nf3 Nf6 6. Be3 cxd4 7. cxd4 e6 8. Nc3 Qd8 9. Bd3 a6 10. Rc1 Be7 11. O-O O-O 12. Re1 Nb4 13. Bb1 b5 14. Ne5 Bb7 15. a3 Nbd5 16. Qd3 Rc8 17. Bg5 g6 18. Qh3 Nxc3 19. bxc3 Qd5 20. Bxf6 Bxf6 21. Be4 Qxe4 22. Rxe4 Bxe4 23. Nd7 Bg7 24. Nxf8 Bxf8 25. Ra1 Bd5 26. Qg3 a5 27. Qd3 Rc4 28. h4 h5 29. Rb1 Bc6 30. f3 Bxa3 31. Ra1 Bb2 32. Rxa5 Bxc3 33. Ra6 Bxd4+ 34. Kh2 Bd5 35. Rd6 Be5+ 36. g3 Bxd6 37. Qe3 Rxh4+ 38. Kg2 Rg4 39. Qb6 Rxg3+ 40. Kf2 Rxf3+ 41. Ke2 Bg3 42. Qd8+ Kg7 43. Qc8 b4 44. Qc1 Be5 45. Qc8 b3 46. Qc1 b2 47. Qb1 Ra3 48. Kf2 Ra1 49. Qd3 b1=Q 50. Qe4 Qf1+ 51. Ke3 Ra3+ 52. Kd2 Bf4+ 53. Kc2 Qc1# 0-1


[Site "https://www.chess.com"]

[Event "Titled Tuesday Blitz June 13 Late 2023"]
[White "LionKing2367890"]
[Black "Papayan, Oleg"]
[BlackFideId "4193911"]
[WhiteElo "2147"]
[BlackElo "2167"]
[Result "0-1"]
[Round "2"]
[TimeControl "180+2"]
[Date "2023.06.13"]
[WhiteClock "0:02:15"]
[BlackClock "0:02:20"]
[Board "187"]

1. e4 e5 2. Nf3 Nc6 3. Bc4 Nf6 4. d3 Bc5 5. c3 O-O 6. O-O a5 7. a4 d6 8. h3 Be6 9. Nbd2 h6 10. Bb3 Re8 11. Bc2 Ba7 12. Re1 Ne7 13. Nf1 Ng6 14. Be3 Qd7 15. Ng3 Bxh3 16. gxh3 Qxh3 17. Nh2 Nh4 0-1


[Site "https://www.chess.com"]

[Event "Titled Tuesday Blitz June 13 Late 2023"]
[White "Kovalevsky, Stanislav"]
[Black "Almedina Ortiz, Edgardo J."]
[WhiteFideId "13508598"]
[BlackFideId "3100197"]
[WhiteElo "2112"]
[BlackElo "2217"]
[Result "1/2-1/2"]
[Round "2"]
[TimeControl "180+2"]
[Date "2023.06.13"]
[WhiteClock "0:00:06"]
[BlackClock "0:00:13"]
[Board "188"]

1. c4 e6 2. e4 d5 3. exd5 exd5 4. cxd5 Nf6 5. Nc3 Nxd5 6. Bc4 Nf6 7. Nge2 Be7 8. O-O O-O 9. d4 Nbd7 10. Bf4 Nb6 11. Bd3 c6 12. Re1 Nbd5 13. Nxd5 Nxd5 14. Bg3 Bf6 15. Nc3 Be6 16. Be5 Re8 17. Qh5 g6 18. Qh6 Bxe5 19. Rxe5 Nf6 20. Ne4 Ng4 21. Qg5 Qxg5 22. Rxg5 h6 23. Rxg4 Bxg4 24. Nf6+ Kg7 25. Nxg4 Rad8 26. Ne3 Rxd4 27. Bf1 Rd2 28. b3 Re6 29. g3 Rf6 30. Ng4 Rf5 31. f4 Rc5 32. Re1 h5 33. Ne5 b5 34. a4 a6 35. axb5 axb5 36. Nd3 Rc3 37. Ne5 f6 38. Nd3 Rcxd3 39. Bxd3 Rxd3 40. Re7+ Kf8 41. Re6 Rxb3 42. Rxf6+ Kg7 43. Rxc6 Rb2 44. Rb6 b4 45. Kh1 b3 46. Kg1 Kf7 47. h3 Rb1+ 48. Kg2 b2 49. g4 hxg4 50. hxg4 Ke7 51. Kh2 Kd7 52. Kg2 Kc7 53. Rb3 Kc6 54. f5 gxf5 55. gxf5 Kd5 56. Kh2 Ke5 57. Rb5+ Kf6 58. Kg2 Rc1 59. Rxb2 Kxf5 60. Rf2+ Kg5 61. Rf3 Rc2+ 62. Kg3 Rc5 63. Rb3 Ra5 64. Rb4 1/2-1/2


[Site "https://www.chess.com"]

[Event "Titled Tuesday Blitz June 13 Late 2023"]
[White "Marin Masis, Jose Esteban"]
[Black "Balla, Tamas-Kristof"]
[WhiteFideId "6508146"]
[BlackFideId "1208497"]
[WhiteElo "1838"]
[BlackElo "2334"]
[Result "0-1"]
[Round "2"]
[TimeControl "180+2"]
[Date "2023.06.13"]
[WhiteClock "0:00:00"]
[BlackClock "0:00:49"]
[Board "189"]

1. e4 c5 2. Nf3 Nc6 3. d4 cxd4 4. Nxd4 e5 5. Nb5 d6 6. N1c3 a6 7. Na3 b5 8. Nd5 Nge7 9. Be2 Nxd5 10. exd5 Nd4 11. O-O Be7 12. Be3 Nf5 13. Bd2 O-O 14. c4 Bg5 15. cxb5 Qf6 16. Bxg5 Qxg5 17. Qc1 Qg6 18. b6 Bb7 19. Qd2 Nd4 20. f3 Bxd5 21. Bd3 Qh5 22. Bc4 Bxc4 23. Nxc4 Rac8 24. Nxd6 Rc2 25. Qe3 Qg6 26. Rf2 Qxd6 0-1


[Site "https://www.chess.com"]

[Event "Titled Tuesday Blitz June 13 Late 2023"]
[White "Arnold, Ken"]
[Black "Sailer, Mike"]
[WhiteFideId "2056836"]
[BlackFideId "2012901"]
[WhiteElo "2447"]
[BlackElo "2109"]
[Result "1-0"]
[Round "2"]
[TimeControl "180+2"]
[Date "2023.06.13"]
[WhiteClock "0:00:37"]
[BlackClock "0:00:00"]
[Board "190"]

1. d4 d5 2. Nf3 Nf6 3. c3 Bf5 4. Bf4 e6 5. e3 Be7 6. Bd3 Bxd3 7. Qxd3 O-O 8. Nbd2 c5 9. O-O Nc6 10. h3 a6 11. Rfe1 b5 12. Qe2 Re8 13. Rad1 b4 14. cxb4 cxd4 15. Nxd4 Nxd4 16. exd4 Bxb4 17. a3 Bd6 18. Be5 Bxe5 19. Qxe5 Rc8 20. Rc1 Qb6 21. b4 a5 22. bxa5 Qxa5 23. Qe3 h6 24. Qd3 Qa4 25. Rc3 Rxc3 26. Qxc3 Ra8 27. Ra1 Nd7 28. Nb3 Nb6 29. Nc5 Qc4 30. Qb2 Na4 31. Nxa4 Qxa4 32. Qc3 g6 33. h4 h5 34. g3 Kg7 35. Qe3 Rc8 36. Kg2 Rc4 37. Qe5+ Kg8 38. Rb1 Rc8 39. Qe3 Ra8 40. Rb3 Qc4 41. Rd3 Qa4 42. Qf4 Qc4 43. Rf3 1-0


[Site "https://www.chess.com"]

[Event "Titled Tuesday Blitz June 13 Late 2023"]
[White "Yang, Kevin"]
[Black "deloewre"]
[WhiteFideId "30908485"]
[WhiteElo "2055"]
[BlackElo "2126"]
[Result "1-0"]
[Round "2"]
[TimeControl "180+2"]
[Date "2023.06.13"]
[WhiteClock "0:00:14"]
[BlackClock "0:00:00"]
[Board "191"]

1. d4 Nf6 2. c4 g6 3. Nc3 Bg7 4. e4 d6 5. Nf3 O-O 6. Be2 Nbd7 7. O-O e5 8. Rb1 h6 9. b4 exd4 10. Nxd4 c5 11. Ndb5 cxb4 12. Rxb4 Nc5 13. f3 Qb6 14. Be3 a6 15. Qxd6 Qxd6 16. Nxd6 Nfd7 17. Nd5 Kh7 18. Ne7 Be5 19. Nexc8 Raxc8 20. Nxc8 Rxc8 21. f4 Bd6 22. e5 Be7 23. Bg4 Rc7 24. Rbb1 f5 25. Bf3 b6 26. Bd5 Ne4 27. Kh1 Nc3 28. Rb3 Na4 29. Rd1 Ndc5 30. Ra3 b5 31. cxb5 axb5 32. Bxc5 Bxc5 33. Rf3 b4 34. Bb3 Nc3 35. Rd8 Kg7 36. h3 h5 37. Rg3 Kh7 38. Rg8 Rc6 39. Rd8 Nb5 40. Rgd3 Rc7 41. R3d7+ Rxd7 42. Rxd7+ Kh8 43. Rd5 1-0


[Site "https://www.chess.com"]

[Event "Titled Tuesday Blitz June 13 Late 2023"]
[White "Karas, Marek"]
[Black "Hartikainen, Jarmo"]
[WhiteFideId "14928558"]
[BlackFideId "503134"]
[WhiteElo "2229"]
[BlackElo "2111"]
[Result "1-0"]
[Round "2"]
[TimeControl "180+2"]
[Date "2023.06.13"]
[WhiteClock "0:02:03"]
[BlackClock "0:00:17"]
[Board "192"]

1. h4 b6 2. e4 Bb7 3. Nc3 e5 4. Bc4 Nf6 5. Nh3 h6 6. d3 c6 7. Bb3 d5 8. Qe2 Bd6 9. Bd2 a5 10. a4 Nbd7 11. f3 Qe7 12. exd5 cxd5 13. Nb5 Bb8 14. d4 e4 15. Bf4 exf3 16. Qxe7+ Kxe7 17. gxf3 Re8 18. Kf2 Kf8 19. Rhe1 Rxe1 20. Rxe1 Bxf4 21. Nxf4 Re8 22. Rxe8+ Kxe8 23. Nd6+ Kd8 24. Nxb7+ Kc7 25. Nxa5 bxa5 26. Nxd5+ Kd6 27. Nxf6 Nxf6 28. Bxf7 Ke7 29. Bc4 Kd6 30. c3 Nh5 31. b4 axb4 32. cxb4 Nf4 33. a5 Kc6 34. b5+ Kb7 35. b6 Ng6 36. h5 Ne7 37. d5 Nf5 38. Bb5 Nd6 39. Bc6+ Kb8 40. a6 1-0


[Site "https://www.chess.com"]

[Event "Titled Tuesday Blitz June 13 Late 2023"]
[White "Maluco_do_Natal_00"]
[Black "Kaplan, Avi Harrison"]
[BlackFideId "30934559"]
[WhiteElo "2079"]
[BlackElo "1983"]
[Result "0-1"]
[Round "2"]
[TimeControl "180+2"]
[Date "2023.06.13"]
[WhiteClock "0:00:00"]
[BlackClock "0:00:14"]
[Board "193"]

1. e4 b6 2. d4 Bb7 3. Bd3 f5 4. Nc3 e6 5. Nf3 fxe4 6. Bxe4 Bxe4 7. Nxe4 Nf6 8. Qe2 Be7 9. O-O O-O 10. c4 Nc6 11. Bd2 Qe8 12. Bc3 Qg6 13. Ng3 Nh5 14. Nxh5 Qxh5 15. Rad1 Rf5 16. d5 Nd8 17. Qe4 Rc8 18. g4 Qg6 19. Kh1 Rf8 20. Qxg6 hxg6 21. Kg2 exd5 22. Rxd5 d6 23. Re1 Bf6 24. Bxf6 gxf6 25. g5 f5 26. Nd4 Kf7 27. b4 Nb7 28. Nf3 Rfe8 29. Rdd1 a5 30. a3 axb4 31. axb4 Rxe1 32. Rxe1 Ra8 33. Nd4 Nd8 34. b5 Ra4 35. Rc1 d5 36. Nc6 Nxc6 37. bxc6 Rxc4 38. Rd1 Ke6 39. Re1+ Re4 40. Ra1 Kd6 41. Ra8 Re6 42. Rd8+ Kxc6 43. h4 Rd6 0-1


[Site "https://www.chess.com"]

[Event "Titled Tuesday Blitz June 13 Late 2023"]
[White "KorolDimitriy75"]
[Black "Torres Dominguez, David"]
[BlackFideId "2220857"]
[WhiteElo "2438"]
[BlackElo "1999"]
[Result "0-1"]
[Round "2"]
[TimeControl "180+2"]
[Date "2023.06.13"]
[WhiteClock "0:00:07"]
[BlackClock "0:01:11"]
[Board "194"]

1. d4 e5 2. dxe5 d6 3. Nf3 Bg4 4. Bf4 Nc6 5. exd6 Qf6 6. g3 Bxd6 7. Bxd6 O-O-O 8. Nbd2 Rxd6 9. Bg2 Nh6 10. O-O Bxf3 11. exf3 Rhd8 12. Ne4 Rxd1 13. Nxf6 Rxf1+ 14. Kxf1 gxf6 15. Rc1 Rd6 16. f4 f5 17. c3 Kd8 18. Bf3 Ng8 19. Rc2 Nge7 20. h4 h6 21. Bh5 f6 22. Bf7 Kd7 23. Ke2 Nd8 24. Bc4 c6 25. a4 b6 26. Bd3 Ne6 27. Bc4 Nd5 28. Ba2 Nc5 29. b3 Ne4 30. c4 Nb4 31. Rb2 Nxa2 32. f3 Nac3+ 33. Kf1 Rd1+ 34. Kg2 Rd2+ 35. Rxd2+ Nxd2 0-1


[Site "https://www.chess.com"]

[Event "Titled Tuesday Blitz June 13 Late 2023"]
[White "Ricaurte Lopez, Juan Carlos"]
[Black "QuiesPrecatio"]
[WhiteFideId "3600327"]
[WhiteElo "2200"]
[BlackElo "2438"]
[Result "0-1"]
[Round "2"]
[TimeControl "180+2"]
[Date "2023.06.13"]
[WhiteClock "0:00:00"]
[BlackClock "0:00:53"]
[Board "195"]

1. e4 Nf6 2. e5 Nd5 3. d4 d6 4. Nf3 Bg4 5. h3 Bh5 6. e6 fxe6 7. Be2 Nc6 8. c3 Nf6 9. Ng5 Bxe2 10. Qxe2 e5 11. dxe5 Nxe5 12. f4 Nf7 13. Ne6 Qd7 14. O-O Nd8 15. f5 Nxe6 16. fxe6 Qc6 17. Na3 O-O-O 18. Nb5 Kb8 19. Be3 a6 20. a4 g6 21. Ba7+ Ka8 22. Bd4 Bg7 23. b4 Rhf8 24. c4 Nh5 25. Bxg7 Nxg7 26. Rf7 Nf5 27. Rxh7 Qb6+ 28. Kh2 axb5 29. axb5+ Kb8 30. Qa2 c6 31. bxc6 Qxc6 0-1


[Site "https://www.chess.com"]